 Dungeon Crawl Stone Soup version 0.18-a0-1126-ga2d7f46 (webtiles) character file.

113 M4edhros the Charlatan (level 4, 0/29 HPs)
             Began as an Octopode Artificer on Jan 20, 2016.
             Slain by a hound (6 damage)
             ... on level 4 of the Dungeon.
             The game lasted 00:01:47 (991 turns).

M4edhros the Charlatan (Octopode Artificer)          Turns: 991, Time: 00:01:47

Health: 0/29       AC:  1    Str: 10    XL:     4   Next: 96%
Magic:  7/7        EV: 13    Int: 15    God:
Gold:   128        SH:  2    Dex: 12    Spells: 0 memorised, 3 levels left

rFire  . . .     SeeInvis .     a - +0 short sword
rCold  . . .     Gourm    .     (no shield)
rNeg   . . .     Faith    .     (helmet restricted)
rPois  .         Spirit   .     j - +2 amulet of reflection
rElec  .         Dismiss  .     n - ring of resist corrosion
rCorr  +         Reflect  +     (no ring)
SustAt .         Harm     .     (no ring)
MR     .....                    (no ring)
Stlth  ++++......               (no ring)
                                (no ring)
                                (no ring)
                                (no ring)

@: not resistant to hostile enchantments, stealthy
A: almost no armour, amphibious, 8 rings, constrict 8, camouflage 1, gelatinous
body 1
a: no special abilities


You were on level 4 of the Dungeon.
You were not hungry.

You visited 1 branch of the dungeon, and saw 4 of its levels.

You collected 128 gold pieces.

Inventory:

Hand Weapons
 a - a +0 short sword (weapon)
 g - a +0 hunting sling
Missiles
 m - 20 stones (quivered)
Jewellery
 j - a +2 amulet of reflection (around mantle)
 n - a ring of resist corrosion (left tentacle)
Wands
 b - a wand of flame (15/48)
 c - a wand of enslavement (13/24)
 d - a wand of random effects (15/48)
 p - a wand of fireball (12/15)
Scrolls
 e - 4 scrolls of identify {unknown}
 h - a scroll of remove curse {unknown}
 k - a scroll of fear {unknown}
 l - a scroll of fog {unknown}
Potions
 i - 3 potions of curing {unknown}
 o - 2 potions of poison {unknown}
 r - a potion of heal wounds {unknown}
Comestibles
 f - a bread ration
 q - a meat ration


   Skills:
 + Level 1.8 Fighting
 + Level 1.6 Short Blades
 + Level 3.0 Dodging
 + Level 3.6 Stealth
 + Level 4.0 Evocations


You had 3 spell levels left.
You didn't know any spells.

Dungeon Overview and Level Annotations

Branches:
Dungeon (4/15)
 Temple: D:4-7

Altars:
Ashenzari
Elyvilon
Okawaru
Qazlal
The Shining One


Innate Abilities, Weirdness & Mutations

You cannot wear most types of armour.
You are amphibious.
You can wear up to eight rings at the same time.
You can use your tentacles to constrict eight enemies at once.
Your skin changes colour to match your surroundings (Stealth).
Your rubbery body absorbs attacks (AC +1).


Message History

Okay, then.
Evoke which item? (* to show all) (? for menu, Esc to quit)
Zapping:
c - a wand of enslavement (15/24)
Press: ? - help, Shift-Dir - straight line, f - ball python
Aim: a ball python (constricting you, chance to defeat MR: 85%)
The ball python is charmed.
Your ball python releases its grip on you.
This wand has 14 charges left.
The orc hits your ball python with a hand axe.
Your ball python dies!
The hound barely misses you. The hound closely misses you.
Evoke which item? (* to show all) (? for menu, Esc to quit)
Zapping:
c - a wand of enslavement (14/24)
Press: ? - help, Shift-Dir - straight line, f - hound
Aim: a hound (moderately wounded, chance to defeat MR: 63%)
The hound resists with significant effort.
This wand has 13 charges left.
The hound bites you but does no damage. The hound bites you.
You die...

###...# ##...................
......#### ##....................
.........###................#....
......................#..........
...................#####.........
####..#####........## #.........
#..# #.........## #......... #..#
#..........###......... #..#
#.....@ho........####. ##.##
#...####o........#.. #..# #....#
###........... ##..# #....#
#........... ##.<.#####...##
#.S.......... ...........
#.............. ...........
#....o.......... ##.....###.
#............... #.....#
........o.......


You could see a hound and 2 orcs.

Vanquished Creatures
  A crimson imp (D:4)
  An iguana (D:4)
  Ijyb (D:2)
  A worm (D:2)
  A giant gecko (D:1)
  3 bats
  2 giant cockroaches (D:1)
  5 goblins
  3 hobgoblins
  5 giant newts
  3 kobolds
  2 rats (D:2)
28 creatures vanquished.

Vanquished Creatures (others)
  A ball python (D:4)
1 creature vanquished.

Grand Total: 29 creatures vanquished

Notes
Turn   | Place    | Note
--------------------------------------------------------------
     0 | D:1      | M4edhros the Octopode Artificer began the quest for the Orb.
     0 | D:1      | Reached XP level 1. HP: 13/13 MP: 3/3
   166 | D:1      | Reached XP level 2. HP: 13/18 MP: 4/4
   399 | D:2      | Noticed Ijyb
   417 | D:2      | Killed Ijyb
   417 | D:2      | Reached XP level 3. HP: 21/23 MP: 5/5
   444 | D:2      | Found a glowing golden altar of the Shining One.
   458 | D:2      | Found a stormy altar of Qazlal.
   583 | D:2      | Found a shattered altar of Ashenzari.
   584 | D:2      | Found an iron altar of Okawaru.
   588 | D:2      | Found a white marble altar of Elyvilon.
   878 | D:4      | Reached skill level 4 in Evocations
   878 | D:4      | Reached XP level 4. HP: 26/28 MP: 5/7
   991 | D:4      | Slain by a hound

Vault maps used:
D:1:      minmay_arrival_up_and_down
D:2:      grunt_qazlal_clouds, minitemple, overflow_temple_1_default,
          kennysheep_generic_room_14, uniq_iyjb, uniq_crazy_yiuf_cottage
D:3:      overflow_temple_1_default

Action                   |  1- 3 |  4- 6 || total
-------------------------+-------+-------++-------
Melee: Short sword       |    68 |    10 ||    78
Evoke: Wand              |       |     2 ||     2
 Stab: Sleeping          |     8 |     1 ||     9
